 Dungeon Crawl Stone Soup version 0.28.0-45-g0d030f2227 (webtiles) character file.

Game seed: 15077764510087653782

5242 croobank the Cleaver (level 10, -6/91 HPs)
             Began as a Hill Orc Fighter on Apr 5, 2022.
             Was a Believer of Beogh.
             Mangled by a gargoyle
             ... wielding a +0 flail
              (10 damage)
             ... on level 7 of the Dungeon.
             The game lasted 00:22:36 (7695 turns).

croobank the Cleaver (Hill Orc Fighter)             Turns: 7695, Time: 00:22:37

Health: -6/91      AC: 13    Str: 28    XL:     10   Next: 62%
Magic:  14/14      EV: 13    Int:  8    God:    Beogh [**....]
Gold:   343        SH: 11    Dex: 10    Spells: 9/9 levels left

rFire   . . .      SeeInvis .   a - +8 war axe of Gallantry {vorpal, Will+ Str+4}
rCold   + . .      Faith    .   c - +0 buckler
rNeg    . . .      Spirit   .   t - +0 scale mail
rPois   .          Reflect  +   i - +0 helmet
rElec   .          Harm     .   (no cloak)
rCorr   .          Rampage  .   C - +2 pair of gloves
Will    +....                   (no boots)
Stlth   ..........              v - amulet of reflection
HPRegen 0.25/turn               r - +4 ring of evasion
MPRegen 0.14/turn               D - ring of protection from cold

@: mighty
A: no striking features
a: Renounce Religion, Smiting


You were on level 7 of the Dungeon.
You worshipped Beogh.
Beogh was pleased with you.
You visited 1 branch of the dungeon, and saw 7 of its levels.

You collected 343 gold pieces.

Inventory:

Hand Weapons
 a - the +8 war axe of Gallantry (weapon) {vorpal, Will+ Str+4}
   (You acquired it on level 6 of the Dungeon)

   It inflicts extra damage upon your enemies.
   Str:       It affects your strength (+4).
   Will:      It increases your willpower.
 b - a +0 hunting sling
Missiles
 e - 244 stones
 f - 46 sling bullets
 l - 98 arrows
 o - a curare-tipped dart
 p - 14 poisoned darts (quivered)
Armour
 c - a +0 buckler (worn)
 i - a +0 helmet (worn)
 t - a +0 scale mail (worn)
 B - a +0 plate armour
 C - a +2 pair of gloves (worn)
Jewellery
 r - a +4 ring of evasion (left hand)
 v - an amulet of reflection (around neck)
 D - a ring of protection from cold (right hand)
Wands
 s - a wand of acid (15)
 u - a wand of flame (13)
 w - a wand of digging (6)
 z - a wand of paralysis (12)
Scrolls
 k - a scroll of magic mapping
 q - 2 scrolls of teleportation
 y - a scroll of blinking {unknown}
Potions
 g - a potion of heal wounds
 h - a potion of brilliance
 j - 3 potions of haste
 m - a potion of mutation
 n - a potion of berserk rage
 x - a potion of magic
 A - 2 potions of resistance {unknown}


   Skills:
 + Level 9.6 Fighting
 + Level 10.0 Axes
 + Level 8.7 Armour
 + Level 8.7 Shields
 + Level 6.1 Invocations


You had 9 spell levels left.
You didn't know any spells.
Your spell library contained the following spells:

 Spells                   Type           Power      Damage    Failure   Level
 Animate Skeleton         Necr           0%         N/A       71%         1
 Pain                     Necr           0%         1d4       71%         1
 Corpse Rot               Necr/Air       0%         N/A       85%         2
 Vampiric Draining        Necr           0%         2d6       97%         3
 Dispel Undead            Necr           0%         3d6       100%        4
 Death Channel            Necr           0%         N/A       100%        6


Dungeon Overview and Level Annotations

Branches:
Dungeon (7/15)             Temple (0/1) D:7

Altars:
Fedhas
Hepliaklqana
Kikubaaqudgha
Xom
Zin
The Shining One

Shops:
D:4 :

Annotations:
D:4 1 runed translucent door, dianekeaton's ghost, amateur HOFi


Message History

The orc warrior is severely wounded.
The orc warrior misses you.
You slice the orc warrior!!
You kill the orc warrior!
Beogh accepts your kill.
You hit the cyclops but do no damage.
The gargoyle hurls a stone arrow at you.
The stone arrow reflects off an invisible shield around you!
The stone arrow hits the gargoyle.
The cyclops barely misses you.
You hit the cyclops but do no damage. The gargoyle misses you.
The cyclops hits you!!
You feel very mighty all of a sudden. You block the gargoyle's attack.
You slice the cyclops!!
The cyclops is heavily wounded.
You hit the gargoyle. The cyclops misses you. You block the gargoyle's attack.
You slash the cyclops!
The cyclops is almost dead.
You hit the gargoyle but do no damage.
The cyclops hits you but does no damage.
The gargoyle completely misses you.
You slash the cyclops!
You kill the cyclops!
Beogh accepts your kill.
You slash the gargoyle! The gargoyle hits you with a +0 flail!
* * * LOW HITPOINT WARNING * * *
Your Axes skill increases to level 10!
Your Invocations skill increases to level 6!
The gargoyle barely misses you.
Things that are here:
5 large rocks; a +0 glaive; a +0 chain mail You barely miss the gargoyle.
The gargoyle is almost destroyed.
The gargoyle hurls a stone arrow at you.
The stone arrow hits you!!
* * * LOW HITPOINT WARNING * * *
You hit the gargoyle.
The gargoyle is almost destroyed.
The gargoyle hits you with a +0 flail!
You die...

#######..........#
#.......##.#####.### ######
#.########.#≈≈≈≈...###≈≈≈≈#
#..........≈≈##≈.#.##≈≈##≈# #####
#....####.≈≈##≈≈≈≈≈≈≈≈##≈≈###≈≈≈≈
#..#.≈≈≈≈≈≈############≈≈≈≈≈≈≈##≈
#.≈≈≈≈###### #.≈.#.≈#.######≈##≈≈
#≈≈#### #.#.#..#.#.#.###≈≈# .≈##
#@9..#...≈.≈..'≈## #≈≈###
#.#..#.#.#.#.###≈≈# ##≈≈≈#####
#.≈..#≈..######≈##≈≈
##.#≈≈≈≈≈##############≈≈≈≈≈≈≈##≈
##.#####≈≈≈≈≈≈≈##≈≈≈≈≈##≈≈.##≈≈≈≈
.#.####.......≈≈##≈.#≈≈##≈.######
.#.....[.......≈≈≈≈...≈≈≈≈.#
.######.............#......# ##
#.............########


You could see a gargoyle.

Vanquished Creatures
  A cyclops (D:7)
  Prince Ribbit (D:6)
  2 hornets (D:7)
  Sigmund (D:6)
  6 yaks
  A steam dragon (D:7)
  3 water moccasins
  An orc warrior (D:7)
  3 sky beasts (D:7)
  4 black bears
  2 necrophages
  3 ice beasts
  4 ogres
  A centaur (D:7)
  A kobold brigand (D:7)
  A wyvern zombie (D:6)
  4 scorpions
  3 wights (D:7)
  2 howler monkeys
  4 hounds
  3 orc priests
  2 jellies
  2 centaur skeletons (D:5)
  Natasha (thrice) (D:4)
  3 orc wizards
  6 adders
  4 gnolls (D:5)
  A shadow imp (D:5)
  An ufetubus (D:6)
  An adder skeleton (D:4)
  A dart slug (D:1)
  17 orcs
  4 bats (D:1)
  5 endoplasms
  A giant cockroach (D:4)
  4 goblins
  4 hobgoblins
  3 jackals (D:4)
  2 quokkas (D:2)
  3 ball pythons
  2 frilled lizards
  7 kobolds
  5 rats
132 creatures vanquished.

Vanquished Creatures (others)
  A white imp (D:7)
  2 orcs (D:4)
3 creatures vanquished.

Grand Total: 135 creatures vanquished

Notes
Turn   | Place    | Note
-------+----------+-------------------------------------------
     0 | D:1      | croobank the Hill Orc Fighter began the quest for the Orb.
     0 | D:1      | Reached XP level 1. HP: 19/19 MP: 1/1
   216 | D:1      | Reached XP level 2. HP: 27/27 MP: 2/2
   256 | D:1      | Reached skill level 3 in Axes
   369 | D:1      | You fall into a shaft and drop 1 floor!
   522 | D:2      | Reached XP level 3. HP: 29/33 MP: 3/3
  1451 | D:3      | Reached XP level 4. HP: 41/41 MP: 4/4
  1562 | D:3      | Reached skill level 4 in Axes
  1562 | D:3      | Reached XP level 5. HP: 47/47 MP: 5/5
  1695 | D:3      | Found a faded altar of an unknown god.
  2214 | D:4      | Found Tidiz's Book Boutique.
  2218 | D:4      | Found a runed translucent door.
  2224 | D:4      | Noticed dianekeaton's ghost (amateur HOFi)
  2235 | D:4      | Reached skill level 5 in Fighting
  2249 | D:4      | Became a worshipper of Beogh the Brigand
  2257 | D:4      | Reached XP level 6. HP: 44/56 MP: 6/6
  2460 | D:4      | Noticed a black bear
  2479 | D:4      | Killed a black bear
  2480 | D:4      | Reached skill level 5 in Axes
  2483 | D:4      | Noticed Natasha
  2490 | D:4      | Killed Natasha
  2872 | D:4      | Noticed Natasha
  2879 | D:4      | Killed Natasha
  2880 | D:4      | Reached skill level 5 in Armour
  2880 | D:4      | Reached skill level 5 in Shields
  3222 | D:4      | Noticed Natasha
  3225 | D:4      | Killed Natasha
  3226 | D:4      | Reached XP level 7. HP: 61/61 MP: 7/7
  3284 | D:5      | Entered Level 5 of the Dungeon
  3649 | D:5      | Found a blossoming altar of Fedhas.
  3833 | D:5      | Reached skill level 6 in Axes
  3897 | D:5      | Found a glowing golden altar of the Shining One.
  4092 | D:5      | Noticed a yak
  4092 | D:5      | Noticed a yak
  4117 | D:5      | Killed a yak
  4118 | D:5      | Reached XP level 8. HP: 71/71 MP: 8/8
  4140 | D:5      | Noticed a yak
  4140 | D:5      | Noticed a yak
  4140 | D:5      | Noticed a yak
  4159 | D:5      | Killed a yak
  4165 | D:5      | Killed a yak
  4165 | D:5      | Reached * piety under Beogh
  4166 | D:5      | Reached skill level 7 in Axes
  4170 | D:5      | Killed a yak
  4171 | D:5      | Killed a yak
  4679 | D:5      | Reached XP level 9. HP: 79/79 MP: 9/9
  4756 | D:5      | Found a glowing silver altar of Zin.
  4762 | D:5      | Reached skill level 1 in Invocations
  4780 | D:5      | Identified the +0 robe of Duck's Teeth {rElec rC- Str+5
                  | Archmagi}
  5063 | D:6      | Found an ancient bone altar of Kikubaaqudgha.
  5063 | D:6      | Found a shimmering altar of Xom.
  5160 | D:6      | Noticed Prince Ribbit
  5184 | D:6      | Killed Prince Ribbit
  5185 | D:6      | Reached skill level 8 in Axes
  5686 | D:6      | Noticed Sigmund
  5693 | D:6      | Killed Sigmund
  6035 | D:6      | Identified a scroll of acquirement
  6035 | D:6      | Acquired the +8 war axe of Gallantry {vorpal, Will+ Str+4}
  6047 | D:6      | Found a hazy altar of Hepliaklqana.
  6499 | D:7      | Noticed a hornet
  6505 | D:7      | Killed a hornet
  6506 | D:7      | Reached skill level 9 in Axes
  6571 | D:7      | Reached XP level 10. HP: 83/90 MP: 13/13
  6923 | D:7      | Found a staircase to the Ecumenical Temple.
  7022 | D:7      | Reached ** piety under Beogh
  7023 | D:7      | Reached skill level 5 in Invocations
  7678 | D:7      | Noticed a cyclops
  7683 | D:7      | Noticed a gargoyle
  7692 | D:7      | Killed a cyclops
  7693 | D:7      | Reached skill level 10 in Axes
  7694 | D:7      | HP: 4/91 [gargoyle/stone arrow (22)]
  7695 | D:7      | Mangled by a gargoyle

Illustrated notes

Levels and vault maps discovered:
D:1:      dpeg_arrival_orchard, layout_loops_ring
D:2:      layout_loops_ring, chequers_serial_rivers_room_b
D:3:      layout_loops_ring, shapermc_ecumenical_altar_venn
D:4:      layout_basic, ebering_ghost_sewer_d, serial_shops, shop, uniq_natasha
D:5:      layout_loops_ring, old_standard_altar, mainiacjoe_overflow_24_doors,
          tso_metal_star
D:6:      layout_basic, lemuel_coloured_pillars_altar,
          gammafunk_temple_overflow_wave, uniq_prince_ribbit1, uniq_sigmund
D:7:      minmay_octagon_keep, layout_basic, kennysheep_mini_moat,
          minmay_temple_entry_mist, minmay_manual_mullet

Skill      XL: |  1  2  3  4  5  6  7  8  9 10 |
---------------+-------------------------------+-----
Axes           | 3 4 5 6 7 9 10 | 10.0
Fighting       | 4 5 6 7 8 9 |  9.6
Shields        | 4 5 6 8 |  8.7
Armour         | 4 5 6 8 |  8.7
Invocations    | 4 6 |  6.1

Action                   |  1- 3 |  4- 6 |  7- 9 | 10-12 || total
-------------------------+-------+-------+-------+-------++-------
Melee: War axe           |    55 |   106 |   210 |    64 ||   435
Throw: Dart              |       |     9 |    15 |       ||    24
       Stone             |       |     2 |       |       ||     2
Invok: Convert to Beogh  |       |     1 |       |       ||     1
Evoke: Wand              |       |       |    10 |       ||    10
  Use: Potion            |     1 |       |     3 |     1 ||     5
       Scroll            |       |     4 |     7 |       ||    11
Armor: Scale mail        |    21 |    44 |    88 |    24 ||   177
Dodge: Dodged            |    21 |    50 |   138 |    45 ||   254
Block: Buckler           |    17 |    28 |    68 |    13 ||   126
       Reflection        |       |       |       |     1 ||     1
